 Seeded DCSS version 0.26.1-16-g4e020e15dc (webtiles) character file.

Game seed: 20230412 (custom seed)

51 FallenWisp the Ruffian (level 3, -5/30 HPs)
             Began as a Ghoul Gladiator on Apr 12, 2023.
             Slain by Sigmund
             ... wielding a +0 scythe
              (13 damage)
             ... on level 2 of the Dungeon.
             The game lasted 00:03:41 (470 turns).

FallenWisp the Ruffian (Ghoul Gladiator)             Turns: 470, Time: 00:03:42

Health: -5/30      AC:  6    Str: 17    XL:     3   Next: 81%
Magic:  2/2        EV:  6    Int:  4    God:
Gold:   41         SH:  0    Dex: 10    Spells: 2/2 levels left

rFire    . . .     SeeInvis .   i - +3 hand axe (flame)
rCold    + . .     Faith    .   k - +0 tower shield
rNeg     + + +     Spirit   .   g - +0 ring mail
rPois    ∞         Reflect  .   b - +0 helmet
rElec    .         Harm     .   (no cloak)
rCorr    .         Rampage  .   (no gloves)
Will     .....                  (no boots)
Stlth    ..........             (no amulet)
HPRegen  0.00/turn              (no ring)
MPRegen  0.08/turn              (no ring)

@: confused
A: claws 1, cold resistance 1, negative energy resistance 3, inhibited
regeneration, torment resistance, unbreathing
a: no special abilities


You were on level 2 of the Dungeon.
You visited 1 branch of the dungeon, and saw 2 of its levels.

You collected 41 gold pieces.

Inventory:

Hand Weapons
 h - a +3 dagger
 i - a +3 hand axe of flaming (weapon)
Missiles
 c - 3 throwing nets (quivered)
Armour
 a - a +0 leather armour
 b - a +0 helmet (worn)
 f - a +0 leather armour
 g - a +0 ring mail (worn)
 k - a +0 tower shield (worn)
Jewellery
 l - an uncursed ring of resist corrosion
Scrolls
 d - a scroll of teleportation
Potions
 e - a potion of might {unknown}


   Skills:
 + Level 2.3 Fighting
 + Level 1.9 Throwing
 + Level 1.1 Armour
 + Level 3.0 Dodging
 + Level 0.3 Shields
 + Level 4.1 Unarmed Combat


You had 2 spell levels left.
You didn't know any spells.
Your spell library was empty.

Dungeon Overview and Level Annotations

Branches:
Dungeon (2/15)

Altars:
Xom

Annotations:
D:2 Sigmund


Innate Abilities, Weirdness & Mutations

You thrive by killing the living.
You are immune to poison.
You have sharp fingernails.
Your flesh is cold resistant. (rC+)
You are immune to negative energy. (rN+++)
You do not regenerate when monsters are visible.
You are immune to unholy pain and torment.
You can survive without breathing.


Message History

You see here 7 stones.
You see here a stone.
You see here a stone.
There is a stone staircase leading up here.
Sigmund the Dreaded comes into view.
He is wielding a +0 scythe.
Sigmund shouts!
Sigmund says, "Look into my eyes."
Sigmund points at himself and mumbles some strange words.
Sigmund flickers and vanishes!
Deactivating autopickup; reactivate with Ctrl-A.
You see here a cyan potion.
You see here 5 gold pieces.
You are confused.
A rat comes into view.
A magic dart appears from out of thin air!
The magic dart hits you.
* * * LOW HITPOINT WARNING * * *
You see here 5 gold pieces.
You bump into the rock wall.
Something hits you!
You die...

$... ....# ..._### #
###....# ......##
#....r....
#..#..#####.##.....
#................ #
#.........###..#
..#..........#..{#
..#....((.<.....!#
............#.##@#
..#...†.....#.##.#
..#(.(((......##.#
.....(.....#..##..
.<.........#.......
...##########......#
... ###....# .#.
.....# ... #..#.#


You could see a rat.

Vanquished Creatures
  An adder (D:2)
  A worm (D:2)
  A dart slug (D:1)
  A leopard gecko (D:1)
  9 bats
  4 goblins (D:1)
  3 hobgoblins (D:1)
  5 jackals
  2 frilled lizards (D:1)
  5 kobolds
32 creatures vanquished.

Notes
Turn   | Place    | Note
-------+----------+-------------------------------------------
     0 | D:1      | FallenWisp the Ghoul Gladiator began the quest for the Orb.
     0 | D:1      | Reached XP level 1. HP: 17/17 MP: 0/0
    87 | D:1      | Reached XP level 2. HP: 23/24 MP: 1/1
   279 | D:1      | Reached XP level 3. HP: 21/29 MP: 2/2
   327 | D:1      | Reached skill level 4 in Unarmed Combat
   411 | D:2      | Found a shimmering altar of Xom.
   423 | D:2      | Reached skill level 1 in Armour
   463 | D:2      | Noticed Sigmund
   470 | D:2      | Slain by Sigmund

Illustrated notes

Levels and vault maps discovered:
D:1:      dpeg_arrival_rooms_c, layout_basic
D:2:      layout_rooms, overflow_temple_1_default, cheibriados_altar_1,
          uniq_sigmund

Skill      XL: |  1  2  3 |
---------------+----------+-----
Unarmed Combat | 4 |  4.1
Armour         | 1 |  1.1
Dodging        | 3 |  3.0
Fighting       | |  2.3
Throwing       | |  1.9
Shields        | |  0.3

Action                   || total
-------------------------++-------
Melee: Unarmed           ||    60
       Punch             ||     3
       Hand axe          ||    18
  Use: Scroll            ||     3
Armor: Leather armour    ||    26
       Ring mail         ||    58
Dodge: Dodged            ||   101
Block: Tower shield      ||    31
